 Dungeon Crawl Stone Soup version 0.19-b1-5-gdc9fa9d (webtiles) character file.

51 spe3d0 the Covered (level 3, 0/43 HPs)
             Began as a Demonspawn Fighter on Oct 31, 2016.
             Succumbed to an adder's poison
             ... on level 2 of the Dungeon.
             The game lasted 00:01:32 (1509 turns).

spe3d0 the Covered (Demonspawn Fighter)             Turns: 1509, Time: 00:01:32

Health: 0/43       AC: 21    Str: 16    XL:     3   Next: 57%
Magic:  3/3        EV:  2    Int: 14    God:
Gold:   113        SH:  9    Dex: 13    Spells: 0 memorised, 2 levels left

rFire  . . .     SeeInvis .     a - +0 rapier
rCold  . . .     Gourm    .     (armour currently unavailable)
rNeg   + + +     Faith    .     c - +0 shield
rPois  +         Spirit   .     (helmet currently unavailable)
rElec  .         Reflect  .     (cloak currently unavailable)
rCorr  .         Harm     .     (gloves currently unavailable)
MR     .....     NoTele   +     (boots currently unavailable)
Stlth  +.........               (no amulet)
                                (no ring)
                                (no ring)

@: brilliant, lethally poisoned (0 -> -2), tree-form
A: powered by pain 2
a: no special abilities


You were on level 2 of the Dungeon.
You were not hungry.
You were a tree.
You visited 1 branch of the dungeon, and saw 2 of its levels.

You collected 113 gold pieces.


Innate Abilities, Weirdness & Mutations

You sometimes gain power by taking damage.


   Skills:
 - Level 3.0 Fighting
 * Level 2.5 Short Blades
 * Level 3.2 Armour
 * Level 3.2 Shields


You had 2 spell levels left.
You didn't know any spells.

Inventory:

Hand Weapons
 a - a +0 rapier (weapon)
Armour
 b - a +0 scale mail (melded)
 c - a +0 shield (worn)
 j - a +0 pair of gloves
Wands
 t - a wand of digging (10/24)
Scrolls
 k - 3 scrolls of enchant armour {unknown}
 l - a scroll of blinking {unknown}
 m - a scroll of identify {unknown}
 n - a scroll of magic mapping {unknown}
 q - a scroll of noise {unknown}
 u - a scroll of recharging {unknown}
 w - a scroll of teleportation {unknown}
Potions
 d - 2 potions of might
 o - 2 potions of curing {unknown}
 x - a potion of heal wounds {unknown}
Comestibles
 f - 4 bread rations {@e1}
 g - a beef jerky {@e2}
 r - 2 fruits {@e2}
 v - a chunk of flesh

Dungeon Overview and Level Annotations

Branches:
Dungeon (2/15)

Altars:
The Shining One

#.......+.........'.......
##...####.........####...#
##.## ##.......## #..##
#.#.## ##.....## #.###
#.###.## ##...## #.# # #.#
##.######+## #.### ##
##.##...## #....
#......r.#.### ####
#...##..♣†...... #.#.
#...†....#. #.#.
#.......... #
#......##...#. ####.###
#.## #.# ## ..# ####


You could see a rat.


Message History

The adder is severely wounded.
You feel sick. You block the rat's attack. The adder completely misses you.
The rat bites you but does no damage.
You hit the adder but do no damage.
The adder is severely wounded.
You block the adder's attack. The adder barely misses you. The rat bites you.
* * * LOW HITPOINT WARNING * * *
You puncture the adder!
You kill the adder!
* * * LOW HITPOINT WARNING * * *
You feel sick. The rat barely misses you.
It was a potion of cure mutation.
It has a very clean taste.
The rat bites you.
* * * LOW HITPOINT WARNING * * *
It was a potion of brilliance.
You feel clever all of a sudden.
* * * LOW HITPOINT WARNING * * *
You feel sick. The rat bites you but does no damage.
It was a potion of flight.
You feel very buoyant.
You fly up into the air.
The rat bites you but does no damage.
It was a potion of magic.
Magic courses through your body. The rat bites you but does no damage.
It was a potion of lignification.
You turn into a tree.
Your +0 scale mail melds into your body.
Your roots penetrate the ground.
* * * LOW HITPOINT WARNING * * *
You feel sick. The rat bites you but does no damage.
The rat bites you but does no damage. You block the rat's attack.
You die...

Skill      XL: |  1  2  3 |
---------------+----------+-----
Shields        | 3 |  3.2
Short Blades   | 2 |  2.5
Armour         | 3 |  3.2
Fighting       | |  3.0

Action                   || total
-------------------------++-------
Melee: Rapier            ||   138
  Use: Potion            ||     5
  Eat: Chunk             ||     2
Armor: Scale mail        ||    69
       Skin              ||     2
Dodge: Dodged            ||    46
Block: Shield            ||    57

Vault maps used:
D:1:      dpeg_arrival_round_c
D:2:      nicolae_overflow_crystal_walls, first_bread,
          minmay_misc_feat_diagonals

Notes
Turn   | Place    | Note
-------+----------+-------------------------------------------
     0 | D:1      | spe3d0 the Demonspawn Fighter began the quest for the Orb.
     0 | D:1      | Reached XP level 1. HP: 18/18 MP: 1/1
    70 | D:1      | Reached skill level 3 in Shields
    75 | D:1      | Gained mutation: You sometimes gain a little power by taking damage. [demonic ancestry]
    75 | D:1      | Reached XP level 2. HP: 16/24 MP: 2/2
    90 | D:1      | Reached skill level 2 in Short Blades
   604 | D:1      | Gained mutation: You sometimes gain power by taking damage. [demonic ancestry]
   604 | D:1      | Reached XP level 3. HP: 27/29 MP: 3/3
   647 | D:1      | Reached skill level 3 in Armour
  1183 | D:2      | Found a glowing golden altar of the Shining One.
  1502 | D:2      | HP: 2/29 [rat (2)]
  1509 | D:2      | Succumbed to an adder's poison

Vanquished Creatures
  An adder (D:2)
  2 dart slugs
  2 leopard geckos (D:1)
  A giant cockroach (D:1)
  3 goblins (D:1)
  7 hobgoblins (D:1)
  5 jackals (D:1)
  4 bats
  2 frilled lizards
  3 kobolds (D:1)
  4 rats (D:1)
34 creatures vanquished.
